 Dungeon Crawl Stone Soup version 0.29.1-12-g30fa7ad0bf (webtiles) character file.

Game seed: 17945613969850319764

212562 safid the Gelid (level 18, -2/143 HPs)
             Began as a Merfolk Ice Elementalist on Jan 4, 2023.
             Was the Champion of Vehumet.
             Slain by a wolf spider (14 damage)
             ... summoned by a broodmother
             ... on level 3 of the Spider Nest on Jan 9, 2023.
             The game lasted 03:08:39 (36591 turns).

safid the Gelid (Merfolk Ice Elementalist)         Turns: 36591, Time: 03:08:40

Health: -2/143     AC: 19    Str: 18    XL:     18   Next: 93%
Magic:  4/34       EV:  8    Int: 27    God:    Vehumet [******]
Gold:   465        SH:  0    Dex: 12    Spells: 11/41 levels left

rFire   + + .      SeeInvis .   w - staff of cold
rCold   + + .      Faith    .   (no shield)
rNeg    + . .      Spirit   .   S - +2 troll leather armour
rPois   +          Reflect  .   m - +2 hat
rElec   +          Harm     .   K - +2 ratskin cloak {*Rats rPois rN+ Str-1 Int-1 Dex+1}
rCorr   .          Rampage  .   x - +2 pair of gloves of Gaumn {*Corrode Int+8}
Will    +....                   o - +4 pair of boots "Yneuru" {rElec rF++ Str+4 Dex-5}
Stlth   ++........              a - amulet of the Centipede {RegenMP rElec Str+6}
HPRegen 1.13/turn               V - ring of wizardry
MPRegen 0.64/turn               h - ring "Kelawuwa" {rPois rC+ Slay+2}

@: held
A: (nimble swimmer 2), mertail
}: 1/15 runes: decaying
a: Renounce Religion


You were on level 3 of the Spider Nest.
You worshipped Vehumet.
Vehumet was exalted by your worship.
You visited 6 branches of the dungeon, and saw 30 of its levels.
You also visited: Sewer.

You collected 4426 gold pieces.
You spent 3961 gold pieces at shops.

Inventory:

Missiles
 G - 3 curare-tipped darts (quivered)
 P - 4 javelins
 Q - 3 throwing nets
Armour
 b - the +0 pair of boots of Intuition {rF+ Regen+ rCorr Dex+4}
   (You bought it in a shop on level 12 of the Dungeon)

   Dex:       It affects your dexterity (+4).
   rF:        It protects you from fire.
   Regen:     It increases your rate of health regeneration.
   rCorr:     It protects you from acid and corrosion.
 m - a +2 hat (worn)
 o - the +4 pair of boots "Yneuru" (worn) {rElec rF++ Str+4 Dex-5}
   (You bought it in a shop on level 15 of the Dungeon)

   Str:       It affects your strength (+4).
   Dex:       It affects your dexterity (-5).
   rF:        It greatly protects you from fire.
   rElec:     It insulates you from electricity.
 x - the +2 pair of gloves of Gaumn (worn) {*Corrode Int+8}
   (You bought it in a shop on level 15 of the Dungeon)

   Int:       It affects your intelligence (+8).
   *Corrode:  It may corrode you when you take damage.
 K - the +2 ratskin cloak (worn) {*Rats rPois rN+ Str-1 Int-1 Dex+1}
   (You found it on level 7 of the Dungeon)

   When the wearer is hurt, rats may emerge from it to assist them.
   Str:       It affects your strength (-1).
   Int:       It affects your intelligence (-1).
   Dex:       It affects your dexterity (+1).
   rPois:     It protects you from poison.
   rN:        It protects you from negative energy.
 S - a +2 troll leather armour (worn)
Magical Staves
 w - a staff of cold (weapon)
Jewellery
 a - the amulet of the Centipede (around neck) {RegenMP rElec Str+6}
   (You bought it in a shop on level 15 of the Dungeon)

   [amulet of magic regeneration]

   It increases your rate of magic regeneration.
   Str:       It affects your strength (+6).
   rElec:     It insulates you from electricity.
 h - the ring "Kelawuwa" (right hand) {rPois rC+ Slay+2}
   (You bought it in a shop on level 15 of the Dungeon)

   [ring of protection from cold]

   Slay:      It affects your accuracy & damage with ranged weapons and melee
   (+2).
   rC:        It protects you from cold.
   rPois:     It protects you from poison.
 B - a ring of willpower
 V - a ring of wizardry (left hand)
Wands
 d - a wand of digging (10)
 p - a wand of flame (29)
 v - a wand of paralysis (41)
 D - a wand of acid (10)
 F - a wand of iceblast (27)
 M - a wand of polymorph (8)
 R - a wand of mindburst (12)
Scrolls
 c - a scroll of poison
 e - 3 scrolls of amnesia
 g - a scroll of identify
 j - 5 scrolls of magic mapping
 l - 18 scrolls of teleportation
 s - 8 scrolls of fog
 A - 7 scrolls of fear
 I - 2 scrolls of silence
 N - 2 scrolls of blinking
Potions
 f - 3 potions of might
 i - a potion of heal wounds
 k - 3 potions of mutation
 n - 5 potions of flight
 q - 4 potions of lignification
 r - 4 potions of haste
 z - 9 potions of curing
 C - a potion of berserk rage
 E - 4 potions of resistance
 H - 4 potions of cancellation
 Z - a potion of brilliance
Miscellaneous
 W - a condenser vane
 X - a phial of floods
 Y - a lightning rod (4/4)


   Skills:
 + Level 13.0 Fighting
 - Level 12.0 Staves
 - Level 12.0 Dodging
 - Level 2.1 Stealth
 - Level 12.0 Spellcasting
 * Level 5.6 Conjurations
 + Level 18.6 Ice Magic
 - Level 2.0 Air Magic
 + Level 13.8 Evocations


You had 11 spell levels left.
You knew the following spells:

 Your Spells              Type           Power      Damage    Failure   Level
a - Freeze                Ice            100%       1d11      0%          1
b - Frozen Ramparts       Ice            100%       1d16      0%          3
c - Ozocubu's Armour      Ice            100%       N/A       0%          3
d - Hailstorm             Conj/Ice       89%        3d18      1%          4
e - Freezing Cloud        Conj/Ice/Air   38%        6-21      1%          5
f - Ozocubu's Refrigerat  Ice            54%        4d19      1%          7
g - Orb of Destruction    Conj           23%        9d8       32%         7

Your spell library contained the following spells:

 Spells                   Type           Power      Damage    Failure   Level
 Iron Shot                Conj/Erth      15%        9d4       21%         6
 Necrotise                Necr           64%        1d7       1%          1
 Sting                    Tmut/Pois      64%        1d6       1%          1
 Poisonous Vapours        Pois/Air       42%        N/A       1%          2
 Mephitic Cloud           Conj/Pois/Air  29%        N/A       1%          3
 Metabolic Englaciation   Hex/Ice        39%        N/A       1%          5
 Portal Projectile        Hex/Tloc       32%        N/A       4%          3
 Tukima's Dance           Hex            16%        N/A       4%          3
 Vampiric Draining        Necr           16%        2d7       4%          3
 Olgreb's Toxic Radiance  Pois           16%        N/A       4%          4
 Corpse Rot               Necr/Pois/Air  19%        N/A       13%         4
 Lee's Rapid Deconstruct  Erth           8%         3d8*      13%         5
 Yara's Violent Unravell  Hex/Tmut       8%         3d5       13%         5
 Anguish                  Hex/Necr       8%         N/A       16%         4
 Animate Dead             Necr           16%        N/A       16%         4
 Cause Fear               Hex            8%         N/A       16%         4
 Leda's Liquefaction      Hex/Erth       8%         N/A       16%         4
 Passage of Golubria      Tloc           16%        N/A       16%         4
 Petrify                  Tmut/Erth      16%        N/A       16%         4
 Agony                    Necr           16%        N/A       41%         5
 Blade Hands              Tmut           8%         N/A       41%         5
 Statue Form              Tmut/Erth      10%        N/A       91%         6
 Dragon Form              Tmut           8%         N/A       100%        7
 Borgnjor's Revivificati  Necr           8%         N/A       100%        8
 Chain Lightning          Conj/Air       18%        3d24      100%        9
 Death's Door             Necr           8%         N/A       100%        9
 Dragon's Call            Summ           8%         N/A       100%        9


Dungeon Overview and Level Annotations

Branches:
Dungeon (15/15)            Temple (1/1) D:7            Lair (5/5) D:8
  Swamp (4/4) Lair:2       Spider (3/4) Lair:3        Slime (0/5) Lair:4
    Orc (2/2) D:9             Elf (0/3) Orc:2        Vaults (0/5) D:14
 Depths (0/4) D:15          Sewer (visited)

Altars:
Ashenzari
Cheibriados
Dithmenos
Elyvilon
Fedhas
Gozag
Hepliaklqana
Kikubaaqudgha
Makhleb
Nemelex Xobeh
Okawaru
Qazlal
Ru
Sif Muna
Trog
Uskayaw
Vehumet
Wu Jian
Xom
Yredelemnul
Zin
The Shining One
Jiyva

Shops:
D:2 :   D:3 (   D:4 [(?   D:5 (   D:8 *   D:12 [   D:15 *   Orc:1 *
Orc:2 ?[!!

Annotations:
D:2 Natasha
D:8 1 runed translucent door
D:10 2 transporters, Cheops's ghost, novice MiFi
Lair:4 3 runed translucent doors, Qadapt's ghost, journeyman TeSu; Smersh616's ghost, journeyman OpDe; Xafas's ghost, journeyman DrCj
Swamp:2 3 runed translucent doors, Ykec Esm's ghost, journeyman DrWn
Swamp:3 Bai Suzhen
Swamp:4 2 transporters, Tang's ghost, adept FoAM


Innate Abilities, Weirdness & Mutations

((You are very nimble when in or above water. (Stealth+, EV+, Speed+++)))
Your lower body shifts to a powerful aquatic tail in water.


Message History

You are caught in a web!
The jumping spider bites you but does no damage.
The wolf spider barely misses you. x2
The broodmother bites you but does no damage.
The jumping spider pounces on you but does no damage.
The jumping spider closely misses you. The redback completely misses you.
The wolf spider hits you! The wolf spider barely misses you.
The broodmother closely misses you. The jumping spider pounces on you!
* * * LOW HITPOINT WARNING * * *
The jumping spider barely misses you. The redback bites you.
* * * LOW HITPOINT WARNING * * *
The wolf spider barely misses you. The wolf spider bites you.
* * * LOW HITPOINT WARNING * * *
Unknown command.
Unknown command.
Unknown command.
Unknown command.
Unknown command.
Unknown command.
Unknown command.
Unknown command.
Unknown command.
Unknown command.
Casting: Ozocubu's Refrigeration (mildly dangerous; 1% risk of failure)
Confirm with . or Enter, or press ? or * to list all spells.
You feel a surge of power!
The heat is drained from your surroundings.
The jumping spider is severely wounded.
The redback is almost dead.
The wolf spider is heavily wounded.
The broodmother is severely wounded.
The redback bites you!
* * * LOW HITPOINT WARNING * * *
The jumping spider pounces on you.
* * * LOW HITPOINT WARNING * * *
You are even more entangled.
The jumping spider barely misses you. The broodmother bites you.
* * * LOW HITPOINT WARNING * * *
The wolf spider hits you!
You die...

.... ##...
#.... #...
###†.#
#..†.#
#.ss.###
#.@s..#
#.s†.^###
#.......#
###..#...#
###.#..#####
##...†..#
#...<^.##
#^....##
##...##


You could see a broodmother, a wolf spider (summoned), a jumping spider
(summoned) and a redback (summoned).

Vanquished Creatures
  the Lernaean hydra (Swamp:4)
  Arachne (Spider:2)
  The ghost of wingedge the Eclecticist, an adept HuEE of Vehumet (Spider:1)
  Jorgrun (Swamp:3)
  Rupert (D:15)
  Gastronok (Lair:3)
  A thorn hunter (Swamp:4)
  2 emperor scorpions (Spider:2)
  A ghost moth (Spider:1)
  Aizul (Swamp:3)
  The ghost of KittyFluff the Basher, a journeyman GrBe of Trog (D:14)
  6 bunyips
  2 eleionomae
  An entropy weaver (Spider:1)
  A green death (D:14)
  Snorg (D:11)
  A great orb of eyes (D:15)
  Josephine (D:15)
  A rakshasa (D:15)
  6 boulder beetles
  24 hydras
  2 ghost crabs
  5 vault guards (D:14)
  A radroach (Spider:1)
  3 two-headed ogres
  A catoblepas (Lair:3)
  An anaconda (Lair:1)
  A death knight (D:14)
  5 centaur warriors
  8 alligators
  2 death yaks (Lair:4)
  3 death scarabs (D:14)
  2 orc high priests
  Amaemon (D:8)
  Sonja (Lair:1)
  A sun moth (Spider:1)
  8 goliath frogs
  5 pharaoh ants
  4 steelbarb worms (Spider:2)
  A swamp dragon (shapeshifter) (D:15)
  4 orb spiders
  A lindwurm (Lair:2)
  2 spriggan druids
  10 swamp dragons
  5 bog bodies
  A harpy (shapeshifter) (D:14)
  7 orc knights
  5 deep elf pyromancers
  4 oklob plants (Lair:4)
  3 spectral wolf spiders (D:14)
  2 orc sorcerers
  5 cyclopes
  4 manticores
  11 wolf spiders
  6 will-o-the-wisps
  12 ugly things
  A moth of wrath (Spider:1)
  14 elephants
  3 black mambas
  6 cane toads
  A gargoyle (D:11)
  Psyche (D:10)
  Maggie (D:10)
  A kobold demonologist (D:12)
  4 demonic crawlers
  An unseen horror (D:12)
  3 komodo dragons
  4 rime drakes
  2 efreet
  3 trolls
  3 meliai (Spider:2)
  7 tyrant leeches
  2 hydra zombies (Swamp:4)
  4 hornets
  13 slime creatures
  19 tarantellas
  A blink frog (shapeshifter) (D:14)
  6 blink frogs
  4 dream sheep (Lair:4)
  A shadow (D:12)
  3 spriggans
  9 wraiths
  11 culicivoras
  11 jumping spiders
  38 yaks
  A vampire (D:14)
  A wyvern (D:7)
  2 basilisks
  7 humans (D:14)
  10 vampire mosquitoes
  3 steam dragons
  23 redbacks
  13 swamp worms
  3 wargs
  2 acid dragons (D:13)
  14 water moccasins
  Pargi (Sewer)
  A hornet zombie (D:6)
  37 orc warriors
  10 swamp drakes
  3 black bears
  An ice beast (D:6)
  8 ogres
  19 centaurs
  7 wolves (Lair:1)
  2 phantoms
  2 kobold brigands
  3 gnoll sergeants
  6 scorpions
  11 bullfrogs
  A necrophage (D:7)
  7 wights (D:8)
  A water moccasin skeleton (D:6)
  13 killer bees
  6 howler monkeys
  2 electric eels
  A bullfrog zombie (D:6)
  7 hounds
  6 orc priests
  A gnoll bouda (D:9)
  A bullfrog skeleton (D:6)
  24 orc wizards
  An iguana (D:7)
  A hell rat (Lair:1)
  13 gnolls
  13 adders
  A river rat (D:5)
  A shadow imp (D:5)
  A white imp (D:5)
  3 ufetubi
  3 worms
  4 dart slugs
  70 orcs
  7 bats
  6 endoplasms
  8 giant cockroaches
  6 goblins
  5 hobgoblins
  23 kobolds
  3 quokkas
  7 ball pythons
  8 frilled lizards
  A kobold skeleton (D:8)
  11 rats
826 creatures vanquished.

Vanquished Creatures (collateral kills)
  2 eleionomae (Swamp:3)
  4 boulder beetles (D:14)
  A hydra (Swamp:3)
  A centaur warrior (Orc:2)
  2 alligators
  A fire crab (Lair:1)
  Lodul (D:12)
  A goliath frog (Swamp:1)
  A swamp dragon (Swamp:1)
  A bog body (Lair:2)
  A slime creature (D:15)
  A cyclops (D:12)
  An elephant (Lair:2)
  A cane toad (Lair:2)
  An orange demon (D:8)
  2 polar bears
  A steam dragon (Lair:1)
  2 swamp worms
  A swamp drake (Swamp:1)
  An orc warrior (Orc:2)
  2 ogres (D:12)
  2 centaurs
  A kobold brigand (D:8)
  2 wights (D:8)
  A kobold (D:8)
35 creatures vanquished.

Vanquished Creatures (others)
  Louise (Swamp:3)
  2 bloated husks
  A bush (Lair:5)
  24 foxfires
  13 fungi
  24 plants
  3 withered plants (D:6)
68 creatures vanquished.

Grand Total: 929 creatures vanquished

Notes
Turn   | Place    | Note
-------+----------+-------------------------------------------
     0 | D:1      | safid the Merfolk Ice Elementalist began the quest for the
                  | Orb.
     0 | D:1      | Reached XP level 1. HP: 13/13 MP: 3/3
   425 | D:1      | Reached XP level 2. HP: 12/19 MP: 1/5
  1154 | D:2      | Found Imai's Book Shop.
  1205 | D:2      | Reached XP level 3. HP: 24/24 MP: 4/6
  1209 | D:2      | Learned a level 3 spell: Frozen Ramparts
  1272 | D:2      | Reached skill level 5 in Ice Magic
  1314 | D:2      | Noticed a great orb of eyes
  1316 | D:2      | Found a faded altar of an unknown god.
  1317 | D:2      | Noticed a shining eye
  1317 | D:2      | Noticed a golden eye
  1317 | D:2      | Noticed a golden eye
  1395 | D:2      | Noticed Natasha
  1786 | D:2      | Reached XP level 4. HP: 30/30 MP: 8/8
  2419 | D:3      | Found Fibon Zamoit's Weapon Emporium.
  3183 | D:4      | Found Zor Hoxza's Magic Scroll Boutique.
  3194 | D:4      | Bought a scroll of identify for 26 gold pieces
  3194 | D:4      | Bought a scroll of teleportation for 39 gold pieces
  3194 | D:4      | Bought a scroll of fog for 52 gold pieces
  3194 | D:4      | Bought a scroll of identify for 26 gold pieces
  3194 | D:4      | Bought a scroll of identify for 26 gold pieces
  3218 | D:4      | Reached XP level 5. HP: 35/35 MP: 6/10
  3468 | D:4      | Found a glowing silver altar of Zin.
  3515 | D:4      | Found Bifu's Antique Armour Shop.
  3532 | D:4      | Reached skill level 1 in Staves
  3532 | D:4      | Reached skill level 1 in Evocations
  3581 | D:4      | Found Cirghit's Weapon Shop.
  3600 | D:4      | Found a hide-covered altar of Uskayaw.
  4005 | D:4      | Learned a level 3 spell: Ozocubu's Armour
  4055 | D:5      | Entered Level 5 of the Dungeon
  4114 | D:5      | Reached XP level 6. HP: 41/41 MP: 6/11
  4115 | D:5      | Reached skill level 6 in Ice Magic
  4275 | D:5      | Found a glowing drain.
  4282 | Sewer    | Entered a sewer
  4306 | Sewer    | Noticed Pargi
  4314 | Sewer    | Killed Pargi
  4315 | Sewer    | Reached skill level 1 in Fighting
  4601 | D:5      | Reached XP level 7. HP: 47/48 MP: 9/13
  5136 | D:5      | Found Kedgh's Antique Weapon Shop.
  5927 | D:6      | Reached XP level 8. HP: 47/57 MP: 7/15
  6256 | D:6      | Reached skill level 7 in Ice Magic
  6418 | D:6      | Reached skill level 5 in Spellcasting
  7646 | D:7      | Found an ancient bone altar of Kikubaaqudgha.
  7677 | D:7      | Reached XP level 9. HP: 65/65 MP: 13/17
  7726 | D:7      | Noticed Maggie
  7933 | D:7      | Found a hazy altar of Hepliaklqana.
  7988 | D:7      | Found a staircase to the Ecumenical Temple.
  8046 | Temple   | Entered the Ecumenical Temple
  8087 | Temple   | Became a worshipper of Vehumet
  8432 | D:4      | Bought a crude cloak for 161 gold pieces
  8432 | D:4      | Identified the +1 cloak of Depression {Str+6} (You bought
                  | it in a shop on level 4 of the Dungeon)
  8567 | D:7      | Found the +2 ratskin cloak {*Rats rPois rN+ Str-1 Int-1
                  | Dex+1}
  8698 | D:7      | Reached skill level 8 in Ice Magic
  8698 | D:7      | Reached skill level 5 in Evocations
  8796 | D:7      | Reached skill level 5 in Fighting
  8899 | D:7      | Learned a level 4 spell: Hailstorm
  9049 | D:8      | Found Muaqyr's Changing Room.
  9059 | D:8      | Found a staircase to the Lair.
  9066 | D:8      | Noticed a two-headed ogre
  9068 | D:8      | Noticed Amaemon
  9076 | D:8      | Noticed an orange demon
  9196 | D:8      | Found a runed translucent door.
  9197 | D:8      | Identified the +3 short sword of the Skies Above
                  | {antimagic, Str+2}
  9201 | D:8      | Found a basalt altar of Yredelemnul.
  9243 | D:8      | Killed Amaemon
  9244 | D:8      | Reached XP level 10. HP: 59/76 MP: 7/19
  9258 | D:8      | Killed an orange demon
  9276 | D:8      | Reached * piety under Vehumet
  9276 | D:8      | Offered knowledge of Shock by Vehumet.
  9303 | D:8      | Reached skill level 5 in Staves
  9326 | D:8      | Killed a two-headed ogre
  9327 | D:8      | Reached skill level 9 in Ice Magic
  9354 | D:8      | Gained mutation: Your magical capacity is low. (-10% MP)
                  | [potion of mutation]
  9354 | D:8      | Gained mutation: You occasionally shout uncontrollably at
                  | your foes. [potion of mutation]
  9355 | D:8      | HP: 2/74 [wight/+4 long sword of freezing (9)]
  9531 | D:8      | Reached ** piety under Vehumet
  9862 | D:8      | Found an opulent altar of Gozag.
 10025 | Lair:1   | Entered Level 1 of the Lair of Beasts
 10046 | Lair:1   | Offered knowledge of Scorch by Vehumet.
 10226 | Lair:1   | Noticed Sonja
 10237 | Lair:1   | Killed Sonja
 10350 | Lair:1   | Noticed a cane toad
 10362 | Lair:1   | Killed a cane toad
 10363 | Lair:1   | Reached XP level 11. HP: 84/84 MP: 14/19
 10603 | Lair:1   | Noticed a four-headed hydra
 10623 | Lair:1   | Killed a four-headed hydra
 10688 | Lair:1   | Reached skill level 10 in Ice Magic
 10788 | Lair:1   | Noticed an anaconda
 10797 | Lair:1   | Killed an anaconda
 11400 | Lair:1   | Offered knowledge of Stone Arrow by Vehumet.
 11480 | Lair:1   | Noticed a fire crab
 11480 | Lair:1   | Noticed an alligator
 11489 | Lair:1   | Killed an alligator
 11493 | Lair:1   | Reached skill level 5 in Dodging
 11497 | Lair:1   | Killed a fire crab
 11788 | Lair:1   | Identified the +4 broad axe "Toypseyr" {protect, *Noise rN+
                  | Str+9 Int-3}
 12263 | Lair:2   | Noticed a five-headed hydra
 12287 | Lair:2   | Killed a five-headed hydra
 12288 | Lair:2   | Reached skill level 11 in Ice Magic
 12288 | Lair:2   | Reached XP level 12. HP: 39/92 MP: 21/21
 12654 | Lair:2   | Reached *** piety under Vehumet
 13242 | Lair:2   | Reached skill level 12 in Ice Magic
 13243 | Lair:2   | Offered knowledge of Fulminant Prism by Vehumet.
 13583 | Lair:2   | Noticed a seven-headed hydra
 14321 | Lair:2   | Killed a seven-headed hydra
 14703 | Lair:2   | Reached skill level 13 in Ice Magic
 14835 | Lair:2   | Found a staircase to the Swamp.
 14850 | Lair:2   | Reached XP level 13. HP: 69/98 MP: 15/22
 15162 | Lair:3   | Noticed Gastronok
 16397 | Lair:3   | Reached **** piety under Vehumet
 16987 | Lair:3   | Killed Gastronok
 17300 | Lair:3   | Offered knowledge of Freezing Cloud by Vehumet.
 17307 | Lair:3   | Learned a level 5 spell: Freezing Cloud
 17518 | Lair:3   | Found a hole to the Spider Nest.
 18187 | Lair:4   | Reached skill level 1 in Conjurations
 18187 | Lair:4   | Reached skill level 1 in Air Magic
 18599 | Lair:4   | Reached skill level 10 in Staves
 18599 | Lair:4   | Reached skill level 14 in Ice Magic
 18696 | Lair:4   | Identified the +8 rapier of the Dead {freeze, rElec Str+2
                  | Dex-3 Stlth+}
 18916 | Lair:4   | Found a runed translucent gate.
 18916 | Lair:4   | Found a runed translucent gate.
 18916 | Lair:4   | Found a runed translucent gate.
 18916 | Lair:4   | Noticed Xafas's ghost (journeyman DrCj)
 18917 | Lair:4   | Noticed Smersh616's ghost (journeyman OpDe)
 18917 | Lair:4   | Noticed Qadapt's ghost (journeyman TeSu)
 19161 | Lair:5   | Entered Level 5 of the Lair of Beasts
 19528 | Lair:4   | Found a staircase to the Slime Pits.
 19528 | Lair:4   | Found a viscous altar of Jiyva.
 20105 | D:9      | Reached ***** piety under Vehumet
 20105 | D:9      | Offered knowledge of Airstrike by Vehumet.
 20220 | D:9      | Found a snail-covered altar of Cheibriados.
 20292 | D:9      | Found an ornate altar of the Wu Jian Council.
 20591 | D:9      | Found a staircase to the Orcish Mines.
 20938 | D:10     | Entered Level 10 of the Dungeon
 21014 | D:10     | Noticed Psyche
 21027 | D:10     | Killed Psyche
 21157 | D:10     | Noticed Cheops's ghost (novice MiFi)
 21331 | D:10     | Found a transporter.
 21334 | D:10     | Paralysed by Maggie for 5 turns
 21345 | D:10     | Killed Maggie
 21395 | D:10     | Found a transporter.
 21794 | D:11     | Reached XP level 14. HP: 105/105 MP: 16/23
 21796 | D:11     | Reached skill level 15 in Ice Magic
 22475 | D:11     | Noticed Snorg
 22487 | D:11     | Killed Snorg
 22710 | D:12     | Noticed Lodul
 22729 | D:12     | Killed Lodul
 22823 | D:12     | Found Woillopp's Armour Shoppe.
 22851 | D:12     | Bought the +0 pair of boots of Intuition {rF+ Regen+ rCorr
                  | Dex+4} for 357 gold pieces
 22851 | D:12     | Bought a +1 cloak of poison resistance for 148 gold pieces
 23607 | D:12     | Reached skill level 16 in Ice Magic
 23942 | D:13     | Found a runed translucent door.
 24007 | D:13     | Offered knowledge of Starburst by Vehumet.
 24029 | D:13     | You fall into a shaft and drop 2 floors!
 24029 | D:15     | Entered Level 15 of the Dungeon
 24100 | D:15     | Noticed Rupert
 24103 | D:15     | Paralysed by Rupert for 2 turns
 24114 | D:15     | Paralysed by Rupert for 4 turns
 24121 | D:15     | Paralysed by Rupert for 2 turns
 24122 | D:15     | Killed Rupert
 24309 | D:15     | Found a staircase to the Depths.
 24313 | D:15     | Paralysed by a great orb of eyes for 3 turns
 24914 | D:13     | Reached XP level 15. HP: 84/113 MP: 4/25
 25295 | D:14     | Found a runed translucent gate.
 25295 | D:14     | Found a runed translucent gate.
 25295 | D:14     | Found a runed translucent gate.
 25296 | D:14     | Noticed KittyFluff's ghost (journeyman GrBe)
 25299 | D:14     | Identified the ring "Ohiskiu" {rC- EV+4 Str+7 Int+4 Stlth+}
 25337 | D:14     | Found a runed translucent door.
 25421 | D:14     | Reached skill level 10 in Dodging
 25477 | D:14     | Found a gate to the Vaults.
 25829 | D:14     | Offered knowledge of Iskenderun's Battlesphere by Vehumet.
 25881 | D:14     | Killed KittyFluff's ghost
 25934 | D:14     | Identified the +3 barding of Cefaus {rC+ Str+3}
 26053 | Orc:1    | Entered Level 1 of the Orcish Mines
 26121 | Orc:2    | Entered Level 2 of the Orcish Mines
 26432 | Orc:2    | Reached skill level 10 in Fighting
 26902 | Orc:2    | Found a staircase to the Elven Halls.
 27211 | Orc:2    | Found Neikhlaop's Distillery.
 27211 | Orc:2    | Found Quruojea's Antique Armour Emporium.
 27211 | Orc:2    | Found Hiakeiky's Magic Scroll Shoppe.
 27214 | Orc:2    | Found Kipuryof's Distillery.
 27218 | Orc:2    | Bought a potion of might for 56 gold pieces
 27221 | Orc:2    | Bought a scroll of blinking for 97 gold pieces
 27221 | Orc:2    | Bought a scroll of teleportation for 39 gold pieces
 27221 | Orc:2    | Bought a scroll of teleportation for 39 gold pieces
 27226 | Orc:2    | Bought a potion of heal wounds for 70 gold pieces
 27740 | Orc:1    | Found Gatsosh's Gadget Gallery.
 27914 | Orc:1    | Bought a wand of digging (5) for 231 gold pieces
 27914 | Orc:1    | Bought a condenser vane for 440 gold pieces
 27914 | Orc:1    | Bought a phial of floods for 440 gold pieces
 27914 | Orc:1    | Bought a wand of iceblast (2) for 52 gold pieces
 27914 | Orc:1    | Bought a lightning rod (4/4) for 330 gold pieces
 28180 | D:14     | Identified the +5 demon whip of Bankruptcy {elec, Int+3}
 28198 | D:14     | Found a runed translucent gate.
 28198 | D:14     | Found a runed translucent gate.
 28198 | D:14     | Found a runed translucent gate.
 28198 | D:14     | Found a runed translucent gate.
 28199 | D:14     | Found a runed translucent gate.
 28204 | D:14     | Reached skill level 10 in Evocations
 28204 | D:14     | Found a runed translucent gate.
 28391 | D:14     | Reached skill level 10 in Spellcasting
 28421 | D:14     | Reached ****** piety under Vehumet
 28423 | D:14     | Gained mutation: Your mind is acute. (Int +4, Str/Dex -1)
                  | [mutagenic glow]
 28433 | D:14     | Gained mutation: Your body sometimes deteriorates upon
                  | taking damage. [mutagenic glow]
 28445 | D:14     | Lost mutation: Your body sometimes deteriorates upon taking
                  | damage. [potion of mutation]
 28445 | D:14     | Lost mutation: Your magical capacity is low. (-10% MP)
                  | [potion of mutation]
 28445 | D:14     | Lost mutation: Your mind is acute. (Int +4, Str/Dex -1)
                  | [potion of mutation]
 28445 | D:14     | Gained mutation: Your spells are a little easier to cast,
                  | but a little less powerful. [potion of mutation]
 28445 | D:14     | Gained mutation: You occasionally lose the ability to drink
                  | potions when taking damage. [mutagenic glow]
 28446 | D:14     | Lost mutation: You occasionally shout uncontrollably at
                  | your foes. [potion of mutation]
 28446 | D:14     | Lost mutation: Your spells are a little easier to cast, but
                  | a little less powerful. [potion of mutation]
 28446 | D:14     | Gained mutation: Your flesh is heat resistant. (rF+)
                  | [potion of mutation]
 28446 | D:14     | Gained mutation: You are partially covered in iridescent
                  | scales. (AC +2) [potion of mutation]
 28479 | D:14     | Lost mutation: You occasionally lose the ability to drink
                  | potions when taking damage. [potion of mutation]
 28479 | D:14     | Lost mutation: You are partially covered in iridescent
                  | scales. (AC +2) [potion of mutation]
 28479 | D:14     | Lost mutation: Your flesh is heat resistant. (rF+) [potion
                  | of mutation]
 28479 | D:14     | Gained mutation: You are dopey. (Int -2) [potion of
                  | mutation]
 28479 | D:14     | Lost mutation: You are dopey. (Int -2) [potion of mutation]
 28516 | D:14     | Identified the ring of Spring {Will+ Str+4}
 28714 | D:15     | Noticed Josephine
 28721 | D:15     | Offered knowledge of Fireball by Vehumet.
 28727 | D:15     | Killed Josephine
 28785 | D:15     | Found Dugadahu's Antique Artefacts.
 28794 | D:15     | Bought a warped jade ring for 150 gold pieces
 28794 | D:15     | Identified the ring "Kelawuwa" {rPois rC+ Slay+2} (You
                  | bought it in a shop on level 15 of the Dungeon)
 28794 | D:15     | Bought a brightly glowing silver amulet for 150 gold pieces
 28794 | D:15     | Identified the amulet "Xushremiunt" {Reflect Drain rCorr
                  | Str+9 SH+5} (You bought it in a shop on level 15 of the
                  | Dungeon)
 28794 | D:15     | Bought a pair of ichor-stained gloves for 285 gold pieces
 28794 | D:15     | Identified the +2 pair of gloves of Gaumn {*Corrode Int+8}
                  | (You bought it in a shop on level 15 of the Dungeon)
 28794 | D:15     | Bought a pair of encrusted boots for 285 gold pieces
 28794 | D:15     | Identified the +4 pair of boots "Yneuru" {rElec rF++ Str+4
                  | Dex-5} (You bought it in a shop on level 15 of the Dungeon)
 28794 | D:15     | Bought a wavering crystal amulet for 150 gold pieces
 28794 | D:15     | Identified the amulet of the Centipede {RegenMP rElec
                  | Str+6} (You bought it in a shop on level 15 of the Dungeon)
 28854 | D:15     | Reached XP level 16. HP: 121/125 MP: 20/30
 29568 | Swamp:1  | Entered Level 1 of the Swamp
 30672 | Swamp:2  | Offered knowledge of Ozocubu's Refrigeration by Vehumet.
 30716 | Swamp:2  | You fall into a shaft and drop 1 floor!
 30716 | Swamp:3  | Noticed Louise
 30742 | Swamp:3  | Killed Louise
 30753 | Swamp:2  | Found a runed translucent gate.
 30754 | Swamp:2  | Found a runed translucent gate.
 30755 | Swamp:2  | Found a runed translucent gate.
 30761 | Swamp:2  | Noticed Ykec Esm's ghost (journeyman DrWn)
 31446 | D:2      | Bought Ozocubu's Autobiography for 312 gold pieces
 31454 | D:2      | Learned a level 7 spell: Ozocubu's Refrigeration
 31458 | D:2      | Learned a level 3 spell: Portal Projectile
 31776 | Swamp:3  | Reached XP level 17. HP: 133/133 MP: 29/32
 32041 | Swamp:3  | Identified the +5 rapier "Zaesm" {vorpal, Int+4}
 32077 | Swamp:3  | Noticed Aizul
 32079 | Swamp:3  | Noticed Jorgrun
 32104 | Swamp:3  | Killed Aizul
 32105 | Swamp:3  | Killed Jorgrun
 32507 | Swamp:4  | Entered Level 4 of the Swamp
 32507 | Swamp:4  | Noticed Bai Suzhen
 32919 | Swamp:4  | Reached skill level 17 in Ice Magic
 33057 | Swamp:4  | Reached XP level 18. HP: 125/140 MP: 34/34
 33103 | Swamp:4  | Got the Volume of Reanimation Made Easy
 33271 | Swamp:4  | Found a transporter.
 33271 | Swamp:4  | Noticed a tentacled monstrosity
 33271 | Swamp:4  | Noticed Tang's ghost (adept FoAM)
 33272 | Swamp:4  | Found a transporter.
 33297 | Swamp:4  | Noticed the 27-headed Lernaean hydra
 33315 | Swamp:4  | Identified the ring "Girus" {Will+ Str+5}
 33496 | Swamp:4  | Killed the 27-headed Lernaean hydra
 33497 | Swamp:4  | Reached skill level 18 in Ice Magic
 33701 | Swamp:4  | Offered knowledge of Orb of Destruction by Vehumet.
 33712 | Swamp:4  | Learned a level 7 spell: Orb of Destruction
 33784 | Swamp:4  | Got a decaying rune of Zot
 34205 | Spider:1 | Entered Level 1 of the Spider Nest
 34260 | Spider:1 | Noticed wingedge's ghost (adept HuEE)
 34657 | Spider:1 | Found a runed translucent door.
 34971 | Spider:1 | Got Pucorefi's Exposition on the Dusty Nimbus
 35364 | Spider:1 | HP: 4/142 [wingedge's ghost (59)]
 35367 | Spider:1 | Killed wingedge's ghost
 35706 | Spider:2 | Offered knowledge of Iron Shot by Vehumet.
 35939 | Spider:2 | Reached skill level 5 in Conjurations
 35977 | Spider:2 | Noticed Arachne
 36022 | Spider:2 | Killed Arachne
 36591 | Spider:3 | Slain by a wolf spider

Illustrated notes

Levels and vault maps discovered:
D:1:      ncdulo_wetmaze, layout_loops_ring
D:2:      layout_rooms, hellmonk_ecumenical_altar_watching_god, serial_shops,
          shop, uniq_natasha
D:3:      minmay_octagon_keep, layout_loops_ring, serial_shops,
          nicolae_shop_stone
D:4:      layout_loops_ring, mainiacjoe_overflow_catwalk_spiral, serial_shops,
          nicolae_shop_behind_doors, shop_scrolls, nicolae_lakefront_shop,
          serial_park_tiny_2, nicolae_figureground_pulse
D:5:      layout_basic, gup_sewer_entry_bubbles, serial_shops, shop
D:6:      layout_basic, serial_undead, serial_undead_d, serial_undead_e,
          serial_undead_c, serial_undead_f
D:7:      layout_basic, mainiacjoe_overflow_big_doors,
          minmay_temple_entry_poolview, minmay_holes, uniq_maggie
D:8:      layout_rooms, mainiacjoe_overflow_surrounded_room,
          dk_yredelemnul_ordeal, lair_entry_dummy, nicolae_transmutations_shop,
          feat_on_display, uniq_amaemon
D:9:      layout_gridville, mainiacjoe_overflow_catwalk,
          overflow_temple_1_default, orc_0_dummy
D:10:     cheibrodos_steamvent, layout_irregular_city,
          gammafunk_ghost_stat_death, st_stairs_13, hex_tiny, uniq_psyche
D:11:     layout_loops_ring, uniq_snorg
D:12:     layout_gridville, serial_shops, nicolae_shop_waterfront, uniq_lodul
D:13:     layout_big_octagon, nicolae_eternal_life, lightli_church_of_beogh
D:14:     gammafunk_indiana_jones, layout_loops_ring, ximxim_vaults_locker_room,
          biasface_ghost_orc_armoury, minmay_tree_intersection, st_stairs_7,
          corexii_leaking_fountain
D:15:     gammafunk_enter_depths_forms, layout_loops_corners,
          nicolae_antique_artefacts, uniq_josephine, uniq_rupert
Temple:   nicolae_temple_ecumenical_triangle
Lair:1:   layout_hall_layers, nicolae_lair_lakeside_cave, uniq_sonja
Lair:2:   layout_regular_city, nicolae_swamp_entry_splash_gauntlet
Lair:3:   layout_cave_shapes, nicolae_spider_entry_non_spiders,
          nicolae_quartered_pool_little, uniq_gastronok
Lair:4:   layout_cave_pods, minmay_slime_entry_oklob_open,
          gammafunk_ghost_cemetery, grunt_megastairs_4
Lair:5:   evilmike_catoblepas_cave, layout_regular_city, pond,
          infiniplex_staircase_pool_2
Swamp:1:  layout_basic_swamp, nicolae_swamp_decorative_isthmus, swamp_pool3,
          st_swamp_ruins_3
Swamp:2:  layout_basic_swamp, gammafunk_ghost_hydra_chop,
          evilmike_swamp_ruin_house_4
Swamp:3:  layout_basic_swamp, evilmike_swamp_ruin_house_2,
          infiniplex_staircase_pool, uniq_jorgrun, uniq_aizul, uniq_louise
Swamp:4:  swamp, layout_basic_swamp, gammafunk_ghost_arena, swamp_pool2,
          nicolae_swamp_necromancy_gone_wrong, uniq_bai_suzhen
Spider:1: layout_spider_delve, hellmonk_ghost_happy_afterlife
Spider:2: layout_spider_delve, uniq_arachne
Spider:3: layout_spider_delve, drop_trap
Orc:1:    layout_diamond_mine, basic_altar, nicolae_orc_flooded_monolith,
          nicolae_shop_gadgets
Orc:2:    st_orc_rangers, layout_diamond_mine

Skill      XL: |  1  2  3  4  5  6  7  8  9 10 11 12 13 14 15 16 17 18 |
---------------+-------------------------------------------------------+-----
Ice Magic      | 5 6 7 8 9 11 13 14 16 17 18 | 18.6
Spellcasting   | 3 4 5 6 7 8 10 11 12 | 12.0
Staves         | 1 2 3 4 5 7 9 10 12 | 12.0
Evocations     | 1 2 3 4 5 7 8 10 12 13 | 13.8
Fighting       | 1 2 4 5 7 8 9 11 12 13 | 13.0
Dodging        | 4 6 8 9 11 12 | 12.0
Conjurations   | 2 5 |  5.6
Air Magic      | 2 |  2.0
Stealth        | |  2.1

Action                   |  1- 3 |  4- 6 |  7- 9 | 10-12 | 13-15 | 16-18 || total
-------------------------+-------+-------+-------+-------+-------+-------++-------
Melee: Dagger            |    38 |     7 |       |       |       |       ||    45
       Staff             |       |    71 |   242 |    32 |   324 |   501 ||  1170
       Punch             |       |     4 |     5 |       |     4 |     6 ||    19
       Tailslap          |       |     2 |       |       |       |    37 ||    39
 Fire: Arbalest          |       |       |    12 |    23 |       |       ||    35
Throw: Dart              |       |       |     7 |    46 |    21 |       ||    74
       Javelin           |       |       |       |       |     2 |       ||     2
 Cast: Freeze            |    42 |    52 |    85 |   229 |   413 |     9 ||   830
       Frozen Ramparts   |     1 |     5 |    19 |    59 |   144 |    33 ||   261
       Ozocubu's Armour  |       |     1 |    17 |    39 |    83 |    55 ||   195
       Hailstorm         |       |       |       |     3 |   154 |    74 ||   231
       Freezing Cloud    |       |       |       |       |     7 |       ||     7
       Ozocubu's Refrige |       |       |       |       |       |   135 ||   135
Evoke: Wand              |       |       |    13 |     6 |     1 |     5 ||    25
       Lightning rod     |       |       |       |       |       |     2 ||     2
       Phial of floods   |       |       |       |       |       |     1 ||     1
       Condenser vane    |       |       |       |       |       |     1 ||     1
  Use: Scroll            |       |     8 |     4 |     2 |    14 |    10 ||    38
       Potion            |       |       |     2 |     5 |    19 |     8 ||    34
 Stab: Sleeping          |     3 |     7 |       |       |       |       ||    10
       Distracted        |       |       |       |       |       |     2 ||     2
Armor: Robe              |    25 |    31 |   121 |   111 |    93 |       ||   381
       Troll leather arm |       |       |       |       |   285 |   445 ||   730
Dodge: Dodged            |    60 |    96 |   198 |   244 |   778 |   635 ||  2011
